 Dungeon Crawl Stone Soup version 0.23.2-40-g277498a (webtiles) character file.

Game seed: 16480626715679822194

1388 CrazyJ the Chiller (level 8, 0/58 HPs)
             Began as a Merfolk Ice Elementalist on Sept 10, 2019.
             Was a Follower of Dithmenos.
             Slain by a hornet (1 damage)
             ... while paralysed by a hornet
             ... on level 7 of the Dungeon.
             The game lasted 00:49:26 (8842 turns).

CrazyJ the Chiller (Merfolk Ice Elementalist)       Turns: 8842, Time: 00:49:27

Health: 0/58       AC: 19    Str:  8    XL:     8   Next: 67%
Magic:  20/23      EV:  2    Int: 16    God:    Dithmenos [*.....]
Gold:   377        SH:  0    Dex: 15    Spells: 6/16 levels left

rFire    . . .     SeeInvis .   C - +7 dagger (protect)
rCold    . . .     Gourm    .   (no shield)
rNeg     . . .     Faith    .   a - +0 robe
rPois    .         Spirit   .   (helmet restricted)
rElec    .         Reflect  +   (no cloak)
rCorr    .         Harm     .   (no gloves)
MR       .....                  (no boots)
Stlth    +++.......             F - +4 amulet of reflection
HPRegen  0.19/turn              L - ring of magical power
MPRegen  0.18/turn              h - +4 ring of protection

@: paralysed, lethally poisoned (0 -> -3), icy armour, protection aura, hasted,
wreathed by umbra
A: change form in water, swift swim, stealthy swim, antennae 2
a: Renounce Religion


You were on level 7 of the Dungeon.
You worshipped Dithmenos.
Dithmenos was aware of your devotion.
You were hungry.

You visited 1 branch of the dungeon, and saw 7 of its levels.

You collected 377 gold pieces.

Inventory:

Hand Weapons
 b - a +0 hunting sling
 e - a +0 club
 k - a +0 short sword
 p - a +0 quarterstaff
 u - a +0 dagger
 w - a +0 trident
 B - a +1 dagger of venom
 C - a +7 dagger of protection (weapon)
 Q - a +1 whip of electrocution
Missiles
 i - 31 sling bullets
 j - 62 bolts
 l - 195 stones (quivered)
 n - 94 arrows
 D - 7 tomahawks of dispersal
 P - 6 javelins
Armour
 a - a +0 robe (worn)
 d - a +0 robe
 g - a +0 robe
Jewellery
 h - a +4 ring of protection (right hand)
 F - a +4 amulet of reflection (around neck)
 H - a +2 ring of strength
 K - an uncursed amulet of the acrobat {unknown}
 L - a ring of magical power (left hand)
Wands
 I - a wand of flame (8)
Scrolls
 m - 5 scrolls of identify
 o - 2 scrolls of teleportation
 q - a scroll of amnesia {unknown}
 s - a scroll of noise
 v - a scroll of remove curse
 x - a scroll of random uselessness
 y - a scroll of immolation
 z - a scroll of magic mapping
 M - a scroll of enchant armour {unknown}
Potions
 f - a potion of haste
 r - 3 potions of degeneration
 t - a potion of mutation
 E - a potion of experience {unknown}
 G - 2 potions of brilliance {unknown}
 J - a potion of cancellation {unknown}
 N - a potion of ambrosia {unknown}
 O - a potion of flight {unknown}
Comestibles
 c - 2 rations


   Skills:
 + Level 3.1 Fighting
 * Level 4.5 Short Blades
 + Level 4.8 Dodging
 * Level 4.8 Stealth
 * Level 4.6 Spellcasting
 + Level 2.2 Conjurations
 + Level 2.8 Charms
 * Level 5.9 Ice Magic


You had 6 spell levels left.
You knew the following spells:

 Your Spells              Type           Power        Failure   Level  Hunger
a - Freeze                Ice            ###.         1%          1    None
b - Throw Frost           Conj/Ice       ###...       4%          2    ##.....
c - Ozocubu's Armour      Chrm/Ice       ###.....     8%          3    ###....
d - Throw Icicle          Conj/Ice       ###.....     28%         4    ####...

Your spell library contained the following spells:

 Spells                   Type           Power        Failure   Level  Hunger
 Summon Ice Beast         Ice/Summ       ##......     43%         4    ####...


Dungeon Overview and Level Annotations

Branches:
Dungeon (7/15)             Temple (0/1) D:6

Altars:
Ashenzari
Cheibriados
Dithmenos
Fedhas
Gozag
Okawaru
Trog
Vehumet

Annotations:
D:5 Grinder
D:6 Menkaure, Prince Ribbit


Innate Abilities, Weirdness & Mutations

You revert to your normal form in water You are very nimble and swift while swimming.
You are very stealthy in the water. (Stealth+)
You have a pair of antennae on your head.


Message History

You feel yourself speed up. The hornet barely misses you.
The hornet misses you.
You puncture the hornet!
The hornet is almost dead.
You miss the hornet.
The hornet is almost dead.
The hornet misses you.
You miss the hornet.
The hornet is almost dead.
The hornet stings you.
* * * LOW HITPOINT WARNING * * *
You are poisoned.
You suddenly lose the ability to move!
You feel sick. The hornet stings you!
* * * LOW HITPOINT WARNING * * *
You feel yourself slow down.
You feel yourself speed up.
* * * LOW HITPOINT WARNING * * *
You feel sick. The hornet stings you.
You die...

#.##.####
...#######.
#.......# ...
#.
####.......####
.. ##
...............
#
.####.......###
# #.......#
#......## #
#(.....#####..
#
#.....@yZ.....
#
#......#.#####
# ...........#
....#########
...## ... ..


You could see a hornet and a centaur zombie.

Vanquished Creatures
  Eustachio (D:6)
  A hungry ghost (D:7)
  An orc warrior (D:6)
  2 ogres
  A phantom (D:7)
  A bullfrog (D:7)
  2 scorpions (D:6)
  4 crimson imps
  A centaur zombie (D:5)
  3 orc wizards
  A bullfrog zombie (D:6)
  3 hounds
  An iguana (D:5)
  A worker ant (D:5)
  A hound skeleton (D:5)
  Robin (D:4)
  An adder (D:2)
  An ooze (D:5)
  An adder zombie (D:6)
  2 adder skeletons
  3 worms
  3 dart slugs (D:1)
  4 leopard geckos
  18 orcs
  2 ball pythons
  4 bats
  5 giant cockroaches
  17 goblins
  10 hobgoblins
  2 quokkas
  4 frilled lizards
  5 kobolds
  6 rats
113 creatures vanquished.

Notes
Turn   | Place    | Note
-------+----------+-------------------------------------------
     0 | D:1      | CrazyJ the Merfolk Ice Elementalist began the quest for the
                  | Orb.
     0 | D:1      | Reached XP level 1. HP: 13/13 MP: 3/3
   366 | D:1      | Reached XP level 2. HP: 17/20 MP: 5/5
   426 | D:1      | Learned a level 2 spell: Throw Frost
  1168 | D:1      | Reached XP level 3. HP: 25/25 MP: 6/6
  1543 | D:1      | Reached skill level 1 in Fighting
  1652 | D:1      | Learned a level 3 spell: Ozocubu's Armour
  1907 | D:2      | Gained mutation: You have a pair of small antennae on your
                  | head. [potion of mutation]
  1907 | D:2      | Gained mutation: You have a pair of antennae on your head.
                  | [potion of mutation]
  2352 | D:2      | Found a snail-covered altar of Cheibriados.
  2852 | D:2      | Reached skill level 1 in Short Blades
  3194 | D:2      | Reached XP level 4. HP: 31/32 MP: 7/7
  3388 | D:3      | Reached skill level 4 in Ice Magic
  3429 | D:3      | Found an iron altar of Okawaru.
  4182 | D:3      | Found a blossoming altar of Fedhas.
  4566 | D:4      | Noticed Robin
  4708 | D:4      | Reached skill level 1 in Conjurations
  5041 | D:4      | Reached XP level 5. HP: 37/37 MP: 9/9
  5141 | D:4      | Found a shattered altar of Ashenzari.
  5238 | D:4      | Found a shadowy altar of Dithmenos.
  5260 | D:4      | Became a worshipper of Dithmenos the Shadowed
  5296 | D:4      | Found an opulent altar of Gozag.
  5298 | D:4      | Found a bloodstained altar of Trog.
  5369 | D:4      | Killed Robin
  5369 | D:4      | Reached skill level 1 in Charms
  5595 | D:5      | Entered Level 5 of the Dungeon
  5596 | D:5      | Found a radiant altar of Vehumet.
  5977 | D:5      | Noticed an ogre
  5994 | D:5      | Killed an ogre
  5994 | D:5      | Reached XP level 6. HP: 2/44 MP: 5/11
  6316 | D:5      | Noticed Grinder
  6325 | D:5      | Paralysed by Grinder for 7 turns
  6571 | D:5      | Reached * piety under Dithmenos
  7003 | D:5      | Learned a level 4 spell: Throw Icicle
  7057 | D:6      | Noticed an orc warrior
  7118 | D:6      | Noticed Menkaure
  7247 | D:7      | Noticed a phantom
  7311 | D:7      | Killed a phantom
  7311 | D:7      | Reached XP level 7. HP: 20/51 MP: 12/12
  7336 | D:7      | Noticed a hungry ghost
  7387 | D:6      | Reached skill level 5 in Ice Magic
  7600 | D:6      | Noticed Eustachio
  7609 | D:6      | Killed Eustachio
  7639 | D:6      | Noticed Prince Ribbit
  8152 | D:6      | Reached XP level 8. HP: 26/57 MP: 14/14
  8802 | D:7      | Noticed a hornet
  8840 | D:7      | Paralysed by a hornet for 3 turns
  8841 | D:7      | HP: 2/58 [hornet (8)]
  8842 | D:7      | Slain by a hornet

Skill      XL: |  1  2  3  4  5  6  7  8 |
---------------+-------------------------+-----
Dodging        | 3 4 |  4.8
Fighting       | 1 2 3 |  3.1
Short Blades   | 1 2 3 4 |  4.5
Ice Magic      | 4 5 |  5.9
Conjurations   | 1 2 |  2.2
Charms         | 1 2 |  2.8
Spellcasting   | 3 4 |  4.6
Stealth        | 3 4 |  4.8

Action                   |  1- 3 |  4- 6 |  7- 9 || total
-------------------------+-------+-------+-------++-------
Melee: Club              |    17 |       |       ||    17
       Short sword       |   134 |    28 |       ||   162
       Dagger            |       |   166 |   191 ||   357
Throw: Stone             |     1 |       |       ||     1
 Cast: Freeze            |    23 |    14 |     2 ||    39
       Throw Frost       |     7 |    21 |     6 ||    34
       Ozocubu's Armour  |       |       |     5 ||     5
  Use: Potion            |     3 |     3 |     2 ||     8
       Scroll            |     1 |    11 |     6 ||    18
 Stab: Sleeping          |     1 |     5 |     1 ||     7
  Eat: Chunk             |     8 |     7 |       ||    15
       Ration            |       |     2 |     2 ||     4
Armor: Robe              |    24 |    34 |    34 ||    92
Dodge: Dodged            |   124 |   114 |   119 ||   357
Block: Other             |       |    14 |    31 ||    45
